 Dungeon Crawl Stone Soup version 0.30-a0-422-g946f4849ff (webtiles) character file.

Game seed: 11787845538652903932

7808 ryw the Caller (level 10, -3/84 HPs)
             Began as a Demigod Summoner on Dec 8, 2022.
             Killed from afar by an electric eel (8 damage)
             ... with a bolt of electricity
             ... in a bailey on Dec 9, 2022.
             The game lasted 00:28:02 (12572 turns).

ryw the Caller (Demigod Summoner)                  Turns: 12572, Time: 00:28:02

Health: -3/84      AC:  9    Str:  9    XL:     10   Next: 70%
Magic:  14/23      EV: 15    Int: 35    God:
Gold:   282        SH:  0    Dex: 14    Spells: 8/21 levels left

rFire   . . .      SeeInvis .    v - +4 halberd (freeze)
rCold   . . .      Faith    .    (shield currently unavailable)
rNeg    . . .      Spirit   .    a - +2 robe
rPois   +          Reflect  .    x - +2 hat
rElec   .          Harm     .    w - +2 cloak
rCorr   .          Rampage  .    (no gloves)
Will    +....                    (no boots)
Stlth   ++........               (no amulet)
HPRegen 0.34/turn                C - +6 ring of intelligence
MPRegen 0.18/turn                t - ring of poison resistance

@: no status effects
A: high MP 1, forlorn, divine attributes
a: no special abilities


You were in a bailey.
You visited 1 branch of the dungeon, and saw 9 of its levels.
You also visited: Bailey.

You collected 714 gold pieces.
You spent 432 gold pieces at shops.

Inventory:

Hand Weapons
 v - a +4 halberd of freezing (weapon)
Armour
 a - a +2 robe (worn)
 w - a +2 cloak (worn)
 x - a +2 hat (worn)
Jewellery
 o - a ring of protection from cold
 t - a ring of poison resistance (right hand)
 C - a +6 ring of intelligence (left hand)
Wands
 j - a wand of iceblast (8)
 q - a wand of polymorph (4)
 r - a wand of flame (15)
 u - a wand of quicksilver (12)
 D - a wand of charming (4)
Scrolls
 e - a scroll of identify
 f - 5 scrolls of teleportation
 p - 2 scrolls of amnesia
 y - a scroll of poison
 z - a scroll of immolation
 A - 2 scrolls of summoning
 E - a scroll of brand weapon {unknown}
 F - 2 scrolls of enchant armour
Potions
 b - 2 potions of magic
 c - 3 potions of attraction
 d - 3 potions of flight
 g - 5 potions of heal wounds
 h - 4 potions of brilliance
 i - 2 potions of lignification
 k - 3 potions of cancellation
 l - a potion of haste
 m - a potion of ambrosia
 n - 2 potions of mutation
 s - 4 potions of resistance
 B - a potion of curing


   Skills:
 + Level 6.7 Fighting
 + Level 2.0 Polearms
 + Level 7.1 Dodging
 - Level 1.7 Stealth
 + Level 6.4 Spellcasting
 - Level 5.0 Hexes
 + Level 7.8 Summonings
 + Level 4.7 Air Magic


You had 8 spell levels left.
You knew the following spells:

 Your Spells              Type           Power      Damage    Failure   Level
a - Call Canine Familiar  Summ           61%        N/A       1%          3
b - Call Imp              Summ           61%        N/A       1%          2
c - Summon Small Mammal   Summ           100%       N/A       1%          1
d - Summon Guardian Gole  Hex/Summ       54%        N/A       1%          3
e - Summon Lightning Spi  Summ/Air       53%        N/A       2%          4

Your spell library contained the following spells:

 Spells                   Type           Power      Damage    Failure   Level
 Poisonous Vapours        Pois/Air       54%        N/A       1%          2
 Tukima's Dance           Hex            46%        N/A       1%          3
 Sandblast                Erth           22%        2d7       3%          1
 Sting                    Tmut/Pois      44%        1d5       3%          1
 Portal Projectile        Hex/Tloc       56%        N/A       3%          3
 Vhi's Electric Charge    Tloc/Air       54%        N/A       4%          3
 Passwall                 Tmut/Erth      9%         N/A       5%          2
 Sublimation of Blood     Necr           11%        N/A       5%          2
 Stone Arrow              Conj/Erth      22%        3d8       11%         3
 Olgreb's Toxic Radiance  Pois           11%        N/A       34%         4
 Petrify                  Tmut/Erth      11%        N/A       34%         4
 Arcjolt                  Conj/Air       13%        1d23      36%         5
 Blade Hands              Tmut           5%         N/A       69%         5
 Irradiate                Conj/Tmut      5%         3d13      69%         5
 Maxwell's Capacitive Co  Air            22%        ∞         100%        8


Dungeon Overview and Level Annotations

Branches:
Dungeon (9/15)             Temple (0/1) D:6          Bailey (1/1)
   Lair: D:8-11         Orc: D:9-12

Shops:
D:7 =   D:8 ?((


Innate Abilities, Weirdness & Mutations

You have an increased reservoir of magic. (+10% MP)
You shall have no god before yourself.
Your divine heritage dramatically boosts your attributes as you level up.


Message History

The orc warrior hits your warg with a +0 war axe.
The electric eel shoots out a bolt of lightning at you!
The bolt of electricity hits your warg! The bolt of electricity misses you.
Casting: Summon Small Mammal (safe; 1% risk of failure)
Confirm with . or Enter, or press ? or * to list all spells.
Your warg bites the orc warrior but does no damage.
Your quokka bites the goblin but does no damage.
The orc warrior hits you but does no damage.
The orc warrior hits your warg with a +0 war axe!
Your warg dies!
Your warg's corpse disappears in a puff of smoke!
The orc warrior hits your quokka with a +0 war axe!
Your quokka dies!
Your quokka's corpse disappears in a puff of smoke!
The electric eel shoots out a bolt of lightning at you!
The bolt of electricity hits you!
You slash the orc warrior! You freeze the orc warrior.
You kill the orc warrior!
Your crimson imp blinks!
Your Polearms skill increases to level 2!
You barely miss the goblin.
The electric eel shoots out a bolt of lightning at you!
The bolt of electricity hits your quokka.
The bolt of electricity hits you!
* * * LOW HITPOINT WARNING * * *
The bolt of electricity hits you!
* * * LOW HITPOINT WARNING * * *
The goblin misses you.
The goblin hits your quokka with a +0 hand axe.
Your quokka dies!
Your quokka's corpse disappears in a puff of smoke!
Unknown command.
You closely miss the goblin.
The electric eel shoots out a bolt of lightning at you!
The bolt of electricity hits you.
* * * LOW HITPOINT WARNING * * *
The bolt of electricity misses you. The goblin misses you.
The electric eel shoots out a bolt of lightning at you!
The bolt of electricity hits you!
You die...

≈≈≈≈≈≈≈≈≈≈≈≈
≈≈≈≈≈≈≈≈≈≈≈≈≈≈≈≈≈≈≈≈≈≈≈
≈≈≈≈≈≈≈≈≈≈≈≈≈≈≈≈≈≈≈≈≈≈≈
≈≈≈≈≈≈S≈≈≈≈≈≈≈≈≈≈≈≈≈≈≈≈
≈≈≈≈≈≈≈≈≈5≈≈≈≈≈≈≈≈≈≈≈≈≈
≈≈≈≈≈≈≈≈≈≈≈≈≈≈≈≈≈≈≈≈≈≈
≈≈≈≈≈≈≈≈≈≈≈≈≈≈≈≈≈≈≈≈≈
####~~~~~~~~~~~~~####
#..g@§8..........'..#
#..###############..# #...
#.......#.....5... #≈≈≈≈≈#..
#.8.8.8)).....#.))
#≈≈≈≈≈######...##############
#≈≈≈≈≈~.#......#....'..#.'))#
#####.≈≈≈≈~.#......#....#..#.#))#
......≈≈≈≈~.#++#####....#..'.#..#
......≈≈≈≈~.#.....##....#########


You could see an electric eel, a goblin (ally target), a friendly lightning
spire (summoned) and a friendly crimson imp (summoned).

Vanquished Creatures
  2 orc warriors (Bailey)
  A sky beast (D:6)
  An ice beast (D:8)
  A bullfrog (D:5)
  A howler monkey (D:8)
  A hound (D:6)
  Terence (D:3)
  An iguana (D:5)
  A gnoll (D:6)
  An adder (D:5)
  A shadow imp (D:6)
  A white imp (D:5)
  5 orcs
  A hobgoblin (Bailey)
  A quokka (D:3)
  A bat (D:3)
21 creatures vanquished.

Vanquished Creatures (collateral kills)
  Joseph (D:7)
  A kobold demonologist (Bailey)
  Maggie (D:7)
  6 yaks (D:8)
  3 sky beasts
  9 orc warriors
  3 black bears (D:5)
  A centaur (D:8)
  2 phantoms
  A kobold brigand (D:7)
  3 bullfrogs
  A gnoll sergeant (D:8)
  A necrophage (D:4)
  2 scorpions
  10 wights (D:8)
  A killer bee (D:5)
  3 howler monkeys (D:8)
  2 hounds
  A jelly (D:6)
  A gnoll bouda (D:6)
  4 orc priests
  5 iguanas
  An iron imp (D:4)
  Natasha (thrice) (D:3)
  2 orc wizards
  12 gnolls
  13 adders
  4 white imps
  4 ufetubi
  2 worms
  3 dart slugs
  32 orcs
  7 endoplasms
  2 giant cockroaches
  15 goblins
  18 hobgoblins
  6 jackals
  7 kobolds
  4 quokkas
  A ball python (D:4)
  8 bats
  3 frilled lizards
  6 rats
215 creatures vanquished.

Vanquished Creatures (others)
  Pikel (D:5)
  An orc sorcerer (Bailey)
  A yak (D:8)
  2 ogres
  A lemure (D:5)
  A gnoll sergeant (D:5)
  A necrophage (D:4)
  2 scorpions
  3 killer bees (D:5)
  A gnoll bouda (D:5)
  A jelly (D:4)
  Crazy Yiuf (D:4)
  A hound (D:4)
  An iguana (D:4)
  4 gnolls
  A ball python (D:4)
  2 endoplasms (D:4)
  2 fungi (D:7)
  3 plants (D:1)
30 creatures vanquished.

Grand Total: 266 creatures vanquished

Notes
Turn   | Place    | Note
-------+----------+-------------------------------------------
     0 | D:1      | ryw the Demigod Summoner began the quest for the Orb.
     0 | D:1      | Reached XP level 1. HP: 14/14 MP: 5/5
   663 | D:1      | Reached XP level 2. HP: 22/22 MP: 5/7
   666 | D:1      | Learned a level 2 spell: Call Imp
  1326 | D:2      | Reached skill level 1 in Fighting
  1326 | D:2      | Reached XP level 3. HP: 28/28 MP: 2/8
  1330 | D:2      | Learned a level 3 spell: Call Canine Familiar
  2426 | D:2      | Reached XP level 4. HP: 23/35 MP: 6/10
  2624 | D:3      | Noticed Terence
  2663 | D:3      | Killed Terence
  2773 | D:3      | You fall into a shaft and drop 2 floors!
  2773 | D:5      | Entered Level 5 of the Dungeon
  2841 | D:4      | Reached XP level 5. HP: 41/41 MP: 6/11
  2845 | D:4      | Learned a level 3 spell: Summon Guardian Golem
  3231 | D:3      | Noticed Natasha
  3238 | D:3      | Reached skill level 1 in Hexes
  3249 | D:3      | Killed Natasha
  3250 | D:3      | Reached XP level 6. HP: 27/50 MP: 5/13
  3863 | D:3      | Noticed Natasha
  3872 | D:3      | Killed Natasha
  4050 | D:3      | Noticed Natasha
  4056 | D:3      | Killed Natasha
  4891 | D:4      | Reached skill level 5 in Summonings
  4891 | D:4      | Reached XP level 7. HP: 57/57 MP: 10/15
  5211 | D:4      | Found a runed translucent door.
  5212 | D:4      | Noticed Crazy Yiuf
  5232 | D:4      | Killed Crazy Yiuf
  6232 | D:5      | Noticed Pikel
  6291 | D:5      | Killed Pikel
  6292 | D:5      | Reached XP level 8. HP: 66/66 MP: 8/18
  6435 | D:5      | Reached skill level 5 in Dodging
  6456 | D:5      | HP: 3/67 [killer bee (5)]
  6787 | D:5      | Learned a level 4 spell: Summon Lightning Spire
  7605 | D:5      | Reached skill level 1 in Air Magic
  7693 | D:5      | Reached XP level 9. HP: 73/73 MP: 10/20
  7991 | D:6      | Reached skill level 5 in Spellcasting
  8032 | D:6      | Reached skill level 5 in Fighting
  8632 | D:6      | Found a staircase to the Ecumenical Temple.
  8823 | D:7      | Noticed Joseph
  9683 | D:7      | Killed Joseph
  9684 | D:7      | Reached skill level 5 in Hexes
  9811 | D:7      | Found Koock's Jewellery Boutique.
  9816 | D:7      | Bought a +6 ring of intelligence for 432 gold pieces
  9838 | D:7      | Noticed Maggie
  9862 | D:7      | Killed Maggie
 10456 | D:8      | Found Koxtoq's Weapon Shop.
 10478 | D:8      | Reached XP level 10. HP: 83/83 MP: 12/22
 10899 | D:8      | Found Raodd's Magic Scroll Boutique.
 11133 | D:8      | Found Gasut's Weapon Boutique.
 11791 | D:9      | Found a flagged portal.
 11818 | Bailey   | Entered a bailey
 11964 | Bailey   | Reached skill level 1 in Polearms
 12194 | Bailey   | Noticed an orc sorcerer
 12211 | Bailey   | Killed an orc sorcerer
 12572 | Bailey   | Killed from afar by an electric eel

Illustrated notes

Levels and vault maps discovered:
D:1:      minmay_arrival_open_corners, layout_loops_ring, serial_bayou,
          serial_bayou_pond_d, serial_bayou_lagoon_a, serial_bayou_pond_b,
          serial_bayou_pond_e, minivault_24
D:2:      layout_basic, basic_altar
D:3:      layout_basic, columned_hall_lemuel, minmay_between, uniq_natasha,
          uniq_terence
D:4:      minmay_bubble_buster, layout_loops_cross, mainiacjoe_overflow_paths,
          kennysheep_mini_moat, slow_altar_2, serial_bayou_pond_a,
          minmay_bisected, uniq_crazy_yiuf_cottage
D:5:      minmay_razor_zed, layout_loops_ring,
          mainiacjoe_overflow_six_doors_small, marbit_many_paths, uniq_pikel
D:6:      layout_gridville, ashenzari_altar_1, grunt_qazlal_sundering,
          temple_green
D:7:      layout_rooms, mainiacjoe_overflow_big_doors, amcnicky_altar_gilded,
          mainiacjoe_overflow_surrounded_room, serial_shops,
          kennysheep_little_box, nicolae_eternal_life, uniq_joseph, uniq_maggie
D:8:      layout_basic, mainiacjoe_overflow_tiny_flanked, serial_shops,
          nicolae_shop_hallway_stairs, nicolae_shop_bloodbath_and_beyond,
          nicolae_diamond_shop, chequers_serial_rivers_micro_e,
          minmay_misc_feat_more_columns, minmay_bent
D:9:      layout_cross, mainiacjoe_overflow_catwalk, enter_bailey_5
Bailey:   bailey_axe_of_yendor_kennysheep, bailey

Skill      XL: |  1  2  3  4  5  6  7  8  9 10 |
---------------+-------------------------------+-----
Dodging        | 2 3 4 5 6 7 |  7.1
Spellcasting   | 2 3 4 5 6 |  6.4
Fighting       | 1 2 3 4 5 6 |  6.7
Summonings     | 4 5 6 7 |  7.8
Hexes          | 1 2 3 4 5 |  5.0
Air Magic      | 1 3 4 |  4.7
Polearms       | 2 |  2.0
Stealth        | |  1.7

Action                   |  1- 3 |  4- 6 |  7- 9 | 10-12 || total
-------------------------+-------+-------+-------+-------++-------
Melee: Unarmed           |    44 |       |       |       ||    44
       Spear             |       |    67 |       |       ||    67
       Halberd           |       |     2 |    85 |    24 ||   111
 Cast: Summon Small Mamm |    30 |     8 |    15 |     7 ||    60
       Call Imp          |    15 |    18 |    33 |    16 ||    82
       Call Canine Famil |     7 |    23 |    45 |    17 ||    92
       Summon Guardian G |       |     4 |    26 |     4 ||    34
       Summon Lightning  |       |       |    15 |    21 ||    36
  Use: Scroll            |     5 |       |    12 |     7 ||    24
       Potion            |       |       |     1 |       ||     1
 Stab: Distracted        |     1 |     1 |     5 |       ||     7
       Sleeping          |       |       |       |     1 ||     1
Armor: Robe              |    20 |    10 |    31 |     3 ||    64
Dodge: Dodged            |    46 |    35 |    95 |    30 ||   206

Table legend: (Time is in decaauts)
 A = Elapsed time spent in this place.
 B = Non-inter-level travel time spent in this place.
 C = Inter-level travel time spent in this place.
 D = Time resting spent in this place.
 E = Time spent auto-exploring this place.
 F = Levels seen in this place.
 G = Mean time per level.
                   A        B        C        D        E       F      G
               +--------+--------+--------+--------+--------+-----+--------+
         Total |  12677 |  12025 |    652 |   1560 |   7916 |  10 | 1267.7 |
       Dungeon |  11916 |  11264 |    652 |   1386 |   7557 |   9 | 1324.0 |
        Bailey |    761 |    761 |      0 |    174 |    358 |   1 |  761.0 |
               +--------+--------+--------+--------+--------+-----+--------+

Top non-repeatable levels by time:
     D:5: 2061 daAuts
     D:4: 2024 daAuts
     D:3: 1468 daAuts
     D:2: 1379 daAuts
     D:8: 1371 daAuts
     D:7: 1172 daAuts
     D:1: 1119 daAuts
     D:6: 1053 daAuts
  Bailey: 761 daAuts
     D:9: 264 daAuts
